AoeStats
← Kez

Arena

508443781Analyzed
3v3 RM · 9d ago on Sep 22, 2026· 16m 56s· 6 players
Game mode
Random Map
Map size
Normal (6 player)
Population
200
Speed
Normal
Resources
Standard
Victory
Conquest
Starting age
Dark Age
Ending age
Imperial Age
RankedLock teamsTeams togetherTeam positionsShared explorationLock speedFull tech treeHidden civsTurbo modeCheats
Victory
Defeat
🇺🇸 Wei · United States
1353
+14
🇳🇱 Slavs · Netherlands
1320
+15
🇦🇷 Ethiopians · Argentina
1290
+17
🇻🇳 Inca · Vietnam
1384
-18
🇨🇳 Mongols · China
1266
-14
🇹🇼 Malay · Taiwan
1263
-14
Polestar
10:53 Feudal Age
15:29 Castle Age
14:01 Double-Bit Axe
14:05 Horse Collar
14:42 Gold Mining
16:12 Fletching
16:50 Loom
17:07 Bodkin Arrow
Kez
10:42 Feudal Age
14:54 Castle Age
13:48 Stone Mining
13:45 Double-Bit Axe
15:02 Loom
17:06 Gold Mining
lord_valdomero
9:52 Feudal Age
洗勒烤喔
10:45 Feudal Age
pickmyself or end
10:33 Feudal Age
bina
10:47 Feudal Age
14:46 Castle Age
13:03 Double-Bit Axe
13:34 Horse Collar
14:13 Gold Mining
Connection lost

Rejoining the realm…

Still unreachable

The connection could not be restored.

Session expired

The server has moved on; the page needs a fresh start.